ITL
OTSEGO BULLDOGS @ WABA DUCKS
09/01/2026
 
TOP OF THE 1ST
Otsego Bulldogs batting - Pitching for Waba Ducks : RHP Alfredo Montalvo
Pitching: RHP Alfredo Montalvo
Batting: LHB Mario Cornelo 0-0: Ball
1-0: Ball
2-0: Called Strike
2-1: Ball
3-1: Base on Balls
Batting: RHB Ryosei Yamamoto 0-0: Called Strike
Mario Cornelo is caught stealing 2nd base
0-1: Foul Ball, location: 2F
0-2: Ball
1-2: Strikes out swinging
Batting: LHB George Wood 0-0: Ball
1-0: Foul Ball, location: 2F
1-1: Foul Ball, location: 2F
1-2: Foul Ball, location: 2F
1-2: Ball
2-2: Foul Ball, location: 2F
2-2: Foul Ball, location: 2F
2-2: Foul Ball, location: 2F
2-2: Ball
3-2: Fly out, F3 (Popup, 13S)
Top of the 1st over - 0 run(s), 0 hit(s), 0 error(s), 0 left on base; Otsego 0 - Waba 0
BOTTOM OF THE 1ST
Waba Ducks batting - Pitching for Otsego Bulldogs : LHP Sam Kettley
Pitching: LHP Sam Kettley
Batting: LHB Javier Orozco 0-0: Fly out, F4 (Popup, 34)
Batting: RHB Don Keating 0-0: Called Strike
0-1: Ball
1-1: Ball
2-1: Called Strike
2-2: SINGLE (Flyball, 8LS)
Batting: LHB José Berroa 0-0: Grounds into double play, 5-4-3 (Groundball, 5)
Bottom of the 1st over - 0 run(s), 1 hit(s), 0 error(s), 0 left on base; Otsego 0 - Waba 0
TOP OF THE 2ND
Otsego Bulldogs batting - Pitching for Waba Ducks : RHP Alfredo Montalvo
Batting: RHB Cristo García 0-0: Ball
1-0: Ball
2-0: Ball
3-0: Base on Balls
Batting: RHB Jim Beck 0-0: Ball
1-0: Ball
2-0: Called Strike
2-1: Foul Ball, location: 2F
2-2: Ball
3-2: 2-RUN HOME RUN (Flyball, 78XD), Distance : 362 ft
Batting: RHB Juan Pérez 0-0: Foul Ball, location: 2F
0-1: Foul Ball, location: 2F
0-2: Fly out, F7 (Line Drive, 7LM)
Batting: RHB José Martínez 0-0: Ground out 6-3 (Groundball, 6)
Batting: LHB Martin Davis 0-0: SINGLE (Flyball, 7LS)
Batting: RHB Kyung-bok Cho 0-0: Ball
1-0: Hit by Pitch
Martin Davis to second
Batting: LHB Mario Cornelo 0-0: Swinging Strike
0-1: Called Strike
0-2: Ground out 4-3 (Groundball, 4)
Top of the 2nd over - 2 run(s), 2 hit(s), 0 error(s), 2 left on base; Otsego 2 - Waba 0
BOTTOM OF THE 2ND
Waba Ducks batting - Pitching for Otsego Bulldogs : LHP Sam Kettley
Batting: RHB Chris Osborn 0-0: Ball
1-0: Foul Ball, location: 2F
1-1: Ball
2-1: Ball
3-1: Foul Ball, location: 2F
3-2: Ground out 2-3 (Groundball, 2R)
Batting: LHB Jack Hewat 0-0: DOUBLE (Flyball, 78D)
Batting: RHB Ed Small 0-0: Foul Ball, location: 2F
0-1: Foul Ball, location: 2F
0-2: Ball
1-2: Strikes out swinging
Batting: LHB Joe Sanders 0-0: Foul Ball, location: 2F
0-1: Foul Ball, location: 2F
0-2: Ball
1-2: Foul Ball, location: 2F
1-2: Ball
2-2: Ball
3-2: SINGLE (Groundball, 13) (infield hit)
Jack Hewat to third
Batting: RHB Pedro Molina 0-0: Ball
1-0: Ball
2-0: Fly out, F4 (Popup, 34D)
Bottom of the 2nd over - 0 run(s), 2 hit(s), 0 error(s), 2 left on base; Otsego 2 - Waba 0
TOP OF THE 3RD
Otsego Bulldogs batting - Pitching for Waba Ducks : RHP Alfredo Montalvo
Batting: RHB Ryosei Yamamoto 0-0: Ground out U3 (Groundball, 3S)
Batting: LHB George Wood 0-0: Ground out 4-3 (Groundball, 4)
Batting: RHB Cristo García 0-0: Ball
1-0: Ball
2-0: SOLO HOME RUN (Line Drive, 7LD), Distance : 323 ft
Batting: RHB Jim Beck 0-0: Foul Ball, location: 2F
0-1: Ground out 5-3 (Groundball, 5S)
Top of the 3rd over - 1 run(s), 1 hit(s), 0 error(s), 0 left on base; Otsego 3 - Waba 0
BOTTOM OF THE 3RD
Waba Ducks batting - Pitching for Otsego Bulldogs : LHP Sam Kettley
Batting: RHB António Valdéz 0-0: Called Strike
0-1: Ball
1-1: Ball
2-1: Ball
3-1: SINGLE (Line Drive, 4M)
Batting: LHB Javier Orozco 0-0: Ball
1-0: Foul Ball, location: 2F
1-1: SINGLE (Groundball, 4MD)
António Valdéz to second
Batting: RHB Don Keating 0-0: Ball
1-0: Ball
2-0: Called Strike
2-1: Ball
3-1: Called Strike
3-2: Grounds into double play, 4-6-3 (Groundball, 4)
António Valdéz to third
Batting: LHB José Berroa 0-0: Ground out 6-3 (Groundball, 6S)
Bottom of the 3rd over - 0 run(s), 2 hit(s), 0 error(s), 1 left on base; Otsego 3 - Waba 0
TOP OF THE 4TH
Otsego Bulldogs batting - Pitching for Waba Ducks : RHP Alfredo Montalvo
Batting: RHB Juan Pérez 0-0: Called Strike
0-1: Ball
1-1: SINGLE (Line Drive, 56D)
Batting: RHB José Martínez 0-0: Foul Ball, location: 2F
0-1: Ball
1-1: Foul Ball, location: 2F
1-2: Strikes out swinging
Batting: LHB Martin Davis 0-0: Ball
1-0: Fly out, F7 (Flyball, 7LM)
Batting: RHB Kyung-bok Cho 0-0: Ball
1-0: Ball
Juan Pérez is caught stealing 2nd base
Top of the 4th over - 0 run(s), 1 hit(s), 0 error(s), 0 left on base; Otsego 3 - Waba 0
BOTTOM OF THE 4TH
Waba Ducks batting - Pitching for Otsego Bulldogs : LHP Sam Kettley
Batting: RHB Chris Osborn 0-0: Ball
1-0: Called Strike
1-1: Ball
2-1: Foul Ball, location: 2F
2-2: Ball
3-2: SOLO HOME RUN (Flyball, 8LXD), Distance : 435 ft
Batting: LHB Jack Hewat 0-0: Called Strike
0-1: Ball
1-1: Ball
2-1: Swinging Strike
2-2: Ball
3-2: Foul Ball, location: 2F
3-2: SOLO HOME RUN (Line Drive, 9D), Distance : 365 ft
Batting: RHB Ed Small 0-0: Ball
1-0: Foul Ball, location: 2F
1-1: Ball
2-1: Ball
3-1: Ground out 4-3 (Groundball, 4)
Batting: LHB Joe Sanders 0-0: SOLO HOME RUN (Line Drive, 9LD), Distance : 329 ft
Batting: RHB Pedro Molina 0-0: Ball
1-0: Ball
2-0: Ball
3-0: Called Strike
3-1: Base on Balls
Batting: RHB António Valdéz 0-0: Ball
1-0: Called Strike
1-1: Ball
2-1: Swinging Strike
2-2: Fly out, F7 (Flyball, 7M)
Batting: LHB Javier Orozco 0-0: Fly out, F2 (Popup, 3SF)
Bottom of the 4th over - 3 run(s), 3 hit(s), 0 error(s), 1 left on base; Otsego 3 - Waba 3
TOP OF THE 5TH
Otsego Bulldogs batting - Pitching for Waba Ducks : RHP Alfredo Montalvo
Batting: RHB Kyung-bok Cho 0-0: Called Strike
0-1: Foul Ball, location: 2F
0-2: Foul Ball, location: 2F
0-2: Ball
1-2: Fly out, F5 (Line Drive, 56)
Batting: LHB Mario Cornelo 0-0: Called Strike
0-1: Ball
1-1: SINGLE (Line Drive, 6M)
Batting: RHB Ryosei Yamamoto 0-0: Called Strike
0-1: Foul Ball, location: 2F
0-2: Fly out, F7 (Line Drive, 7M)
Batting: LHB George Wood 0-0: Ball
1-0: SINGLE (Groundball, 34D)
Mario Cornelo to second
Runner from 2nd tries for 3rd, SAFE, throw made to third
Batting: RHB Cristo García 0-0: Ball
1-0: Swinging Strike
1-1: Fly out, F8 (Flyball, 8LM)
Top of the 5th over - 0 run(s), 2 hit(s), 0 error(s), 2 left on base; Otsego 3 - Waba 3
BOTTOM OF THE 5TH
Waba Ducks batting - Pitching for Otsego Bulldogs : LHP Sam Kettley
Batting: RHB Don Keating 0-0: Called Strike
0-1: Ball
1-1: Ball
2-1: Swinging Strike
2-2: Ground out 1-3 (Groundball, 13)
Batting: LHB José Berroa 0-0: Ball
1-0: Swinging Strike
1-1: Swinging Strike
1-2: Ball
2-2: Foul Ball, location: 2F
2-2: Foul Ball, location: 2F
2-2: Foul Ball, location: 2F
2-2: Ball
3-2: Ground out 6-3 (Groundball, 6)
Batting: RHB Chris Osborn 0-0: Called Strike
0-1: Called Strike
0-2: Ground out 1-3 (Groundball, 13S)
Bottom of the 5th over - 0 run(s), 0 hit(s), 0 error(s), 0 left on base; Otsego 3 - Waba 3
TOP OF THE 6TH
Otsego Bulldogs batting - Pitching for Waba Ducks : RHP Alfredo Montalvo
Batting: RHB Jim Beck 0-0: SINGLE (Groundball, 4MD)
Batting: RHB Juan Pérez 0-0: Ball
1-0: Called Strike
1-1: Ball
2-1: SINGLE (Groundball, 4MD) (infield hit)
Jim Beck to second
Batting: RHB José Martínez 0-0: DOUBLE (Line Drive, 9LS)
Jim Beck scores
Juan Pérez to third
Batting: LHB Martin Davis 0-0: Ball
1-0: Foul Ball, location: 2F
1-1: Ball
2-1: Swinging Strike
2-2: Ball
3-2: Reached on Error, E9 (Flyball, 9D)
Juan Pérez scores
José Martínez scores
Batting: RHB Kyung-bok Cho 0-0: Fly out, F8 (Flyball, 8RM)
Batting: LHB Mario Cornelo 0-0: Intentional Walk
Batting: RHB Ryosei Yamamoto 0-0: Foul Ball, location: 2F
0-1: Ball
1-1: Ball
2-1: Foul Ball, location: 2F
2-2: Ball
3-2: Reached on Error, E9 (Flyball, 9M)
Martin Davis to third
Mario Cornelo to second
Batting: LHB George Wood 0-0: Swinging Strike
0-1: Swinging Strike
0-2: Ball
Wild Pitch!
Martin Davis scores
Mario Cornelo to third
Ryosei Yamamoto to second
1-2: Ball
2-2: Strikes out looking
Pitching: RHP Yodo Nakagawa
Batting: RHB Cristo García 0-0: Called Strike
0-1: Called Strike
0-2: Strikes out looking
Top of the 6th over - 4 run(s), 3 hit(s), 2 error(s), 2 left on base; Otsego 7 - Waba 3
BOTTOM OF THE 6TH
Waba Ducks batting - Pitching for Otsego Bulldogs : LHP Sam Kettley
Pitching: LHP Esteban Santos
Batting: LHB Jack Hewat 0-0: Swinging Strike
0-1: Foul Ball, location: 2F
0-2: Ball
1-2: Ball
2-2: Ball
3-2: DOUBLE (Flyball, 9D)
Batting: RHB Ed Small 0-0: Called Strike
0-1: Ball
1-1: Foul Ball, location: 2F
1-2: Ball
2-2: Foul Ball, location: 2F
2-2: Ball
3-2: Base on Balls
Batting: LHB Joe Sanders 0-0: Ball
1-0: Called Strike
1-1: Swinging Strike
1-2: Foul Ball, location: 2F
1-2: Ball
2-2: Strikes out swinging
Batting: RHB Pedro Molina 0-0: Ball
1-0: Grounds into double play, 6-4-3 (Groundball, 6)
Bottom of the 6th over - 0 run(s), 1 hit(s), 0 error(s), 1 left on base; Otsego 7 - Waba 3
TOP OF THE 7TH
Otsego Bulldogs batting - Pitching for Waba Ducks : RHP Yodo Nakagawa
Batting: RHB Jim Beck 0-0: Foul Ball, location: 2F
0-1: Foul Ball, location: 2F
0-2: Ball
1-2: Fly out, F8 (Line Drive, 8LS)
Batting: RHB Juan Pérez 0-0: Called Strike
0-1: Ball
1-1: Ball
2-1: Foul Ball, location: 2F
2-2: Ball
3-2: Fly out, F9 (Flyball, 9D)
Batting: RHB José Martínez 0-0: Called Strike
0-1: Ball
1-1: Foul Ball, location: 2F
1-2: Ball
2-2: Strikes out swinging
Top of the 7th over - 0 run(s), 0 hit(s), 0 error(s), 0 left on base; Otsego 7 - Waba 3
BOTTOM OF THE 7TH
Waba Ducks batting - Pitching for Otsego Bulldogs : LHP Esteban Santos
Batting: RHB António Valdéz 0-0: Foul Ball, location: 2F
0-1: Ball
1-1: SINGLE (Groundball, 34D)
Batting: LHB Javier Orozco 0-0: Ball
1-0: Called Strike
1-1: Swinging Strike
1-2: Ball
2-2: Strikes out swinging
Batting: RHB Don Keating 0-0: Called Strike
0-1: Ball
1-1: Ball
2-1: Swinging Strike
2-2: Foul Ball, location: 2F
2-2: Strikes out looking
Batting: LHB José Berroa 0-0: Swinging Strike
0-1: Foul Ball, location: 2F
0-2: Strikes out swinging
Bottom of the 7th over - 0 run(s), 1 hit(s), 0 error(s), 1 left on base; Otsego 7 - Waba 3
TOP OF THE 8TH
Otsego Bulldogs batting - Pitching for Waba Ducks : RHP Yodo Nakagawa
Batting: LHB Martin Davis 0-0: Foul Ball, location: 2F
0-1: Ball
1-1: Ball
2-1: Foul Ball, location: 2F
2-2: Strikes out swinging
Batting: RHB Kyung-bok Cho 0-0: Ball
1-0: Foul Ball, location: 2F
1-1: Called Strike
1-2: Ball
2-2: Strikes out swinging
Batting: LHB Mario Cornelo 0-0: Called Strike
0-1: Ball
1-1: Swinging Strike
1-2: Strikes out swinging
Top of the 8th over - 0 run(s), 0 hit(s), 0 error(s), 0 left on base; Otsego 7 - Waba 3
BOTTOM OF THE 8TH
Waba Ducks batting - Pitching for Otsego Bulldogs : LHP Esteban Santos
Pitching: LHP Bob Quested
Batting: RHB Chris Osborn 0-0: Ball
1-0: Ball
2-0: Called Strike
2-1: Foul Ball, location: 2F
2-2: Strikes out swinging
Batting: LHB Jack Hewat 0-0: Called Strike
0-1: Called Strike
0-2: Fly out, F9 (Flyball, 89M)
Batting: RHB Ed Small 0-0: SINGLE (Line Drive, 34D)
Batting: LHB Joe Sanders 0-0: Called Strike
0-1: Swinging Strike
0-2: Foul Ball, location: 2F
0-2: Strikes out looking
Bottom of the 8th over - 0 run(s), 1 hit(s), 0 error(s), 1 left on base; Otsego 7 - Waba 3
TOP OF THE 9TH
Otsego Bulldogs batting - Pitching for Waba Ducks : RHP Yodo Nakagawa
Batting: RHB Ryosei Yamamoto 0-0: Ball
1-0: Ball
2-0: Called Strike
2-1: Foul Ball, location: 2F
2-2: Ball
3-2: Strikes out swinging
Pitching: LHP Francisco Flores
Batting: LHB George Wood 0-0: Ball
1-0: Called Strike
1-1: Ball
2-1: Ball
3-1: Base on Balls
Batting: RHB Cristo García 0-0: Foul Ball, location: 2F
0-1: Ball
1-1: Ball
2-1: Foul Ball, location: 2F
2-2: Fly out, F7 (Flyball, 78S)
Batting: RHB Jim Beck 0-0: Called Strike
0-1: Ball
1-1: Ball
2-1: Ball
3-1: Called Strike
3-2: Strikes out swinging
Top of the 9th over - 0 run(s), 0 hit(s), 0 error(s), 1 left on base; Otsego 7 - Waba 3
BOTTOM OF THE 9TH
Waba Ducks batting - Pitching for Otsego Bulldogs : LHP Bob Quested
Batting: RHB Pedro Molina 0-0: Ball
1-0: Ball
2-0: Ball
3-0: Called Strike
3-1: SINGLE (Line Drive, 78M)
Batting: RHB António Valdéz 0-0: Ball
1-0: SINGLE (Groundball, 56D)
Pedro Molina to second
Pitching: RHP Ricardo Trujillo
Batting: LHB Javier Orozco 0-0: Ball
1-0: Ball
2-0: Called Strike
2-1: Foul Ball, location: 2F
2-2: Ball
3-2: Base on Balls
Pedro Molina to third
António Valdéz to second
Batting: RHB Don Keating 0-0: Foul Ball, location: 2F
0-1: Ball
1-1: Ball
2-1: Foul Ball, location: 2F
2-2: Strikes out swinging
Batting: LHB José Berroa 0-0: Ball
1-0: Ball
Wild Pitch!
Pedro Molina scores
António Valdéz to third
Javier Orozco to second
2-0: Called Strike
2-1: Ball
3-1: Base on Balls
Batting: RHB Chris Osborn 0-0: Ball
1-0: Ball
2-0: Foul Ball, location: 2F
2-1: Called Strike
2-2: Foul Ball, location: 2F
2-2: Ball
3-2: Foul Ball, location: 2F
3-2: Foul Ball, location: 2F
3-2: Base on Balls
António Valdéz scores
Javier Orozco to third
José Berroa to second
Batting: LHB Jack Hewat 0-0: Foul Ball, location: 2F
0-1: Foul Ball, location: 2F
0-2: Ball
1-2: Ball
2-2: Ball
3-2: Fielders Choice at 2nd, 4-6 (Groundball, 4)
Javier Orozco scores
José Berroa to third
Batting: RHB Ed Small 0-0: Called Strike
0-1: Swinging Strike
0-2: Strikes out swinging
Bottom of the 9th over - 3 run(s), 2 hit(s), 0 error(s), 2 left on base; Otsego 7 - Waba 6
Monday, December 5th, 2016 - OOTP Baseball 17.12 Build 75